 Dungeon Crawl Stone Soup version 0.30-a0-165-g1891117ce2 (webtiles) character file.

Game seed: 13821832535238746951

1004 LnG the Covert (level 8, -5/36 (45) HPs)
             Began as a Kobold Summoner on Sept 28, 2022.
             Slain by a wight
             ... wielding a +3 scimitar
              (13 damage)
             ... on level 4 of the Dungeon.
             The game lasted 00:10:33 (4253 turns).

LnG the Covert (Kobold Summoner)                    Turns: 4253, Time: 00:10:33

HP:   -5/36 (45)    AC:  6    Str:  6    XL:     8   Next: 43%
MP:   9/11          EV: 16    Int: 24    God:
Gold: 63            SH:  0    Dex: 15    Spells: 2/11 levels left

rFire   x . .      SeeInvis .    m - +3 dagger (venom)
rCold   + + .      Faith    .    (no shield)
rNeg    . . .      Spirit   .    u - +1 robe of the Volcano {+Blink rC+ Regen+}
rPois   +          Reflect  .    q - +0 helmet
rElec   .          Harm     .    (no cloak)
rCorr   +          Rampage  .    i - +1 pair of gloves
Will    .....                    (no boots)
Stlth   ++++++....               (no amulet)
HPRegen 0.92/turn                k - +6 ring of intelligence
MPRegen 0.12/turn                o - ring of Rashrudi {rPois rF- rC+ rCorr Slay+4 Stlth+}

@: heavily drained
A: small, no large weapons, nightstalker 3
a: Evoke Blink


You were on level 4 of the Dungeon.
You visited 1 branch of the dungeon, and saw 4 of its levels.
You also visited: Ossuary.

You collected 297 gold pieces.
You spent 234 gold pieces at shops.

Inventory:

Hand Weapons
 a - a +1 short sword of venom
 f - a +0 dagger
 m - a +3 dagger of venom (weapon)
Armour
 i - a +1 pair of gloves (worn)
 q - a +0 helmet (worn)
 u - the +1 robe of the Volcano (worn) {+Blink rC+ Regen+}
   (You bought it in a shop on level 4 of the Dungeon)

   rC:        It protects you from cold.
   +Blink:    It lets you blink.
   Regen:     It increases your rate of health regeneration.
Jewellery
 k - a +6 ring of intelligence (left hand)
 o - the ring of Rashrudi (right hand) {rPois rF- rC+ rCorr Slay+4 Stlth+}
   (You found it on level 3 of the Dungeon)

   [ring of slaying]

   Slay:      It affects your accuracy & damage with ranged weapons and melee
   (+4).
   rF:        It makes you vulnerable to fire.
   rC:        It protects you from cold.
   rPois:     It protects you from poison.
   rCorr:     It protects you from acid and corrosion.
   Stlth:     It makes you more stealthy.
 r - a ring of fire
 s - a ring of wizardry
 B - a +4 ring of evasion
Wands
 t - a wand of digging (7)
Scrolls
 d - a scroll of summoning {unknown}
 g - 2 scrolls of poison
 h - 3 scrolls of teleportation
 j - 2 scrolls of butterflies
 l - 2 scrolls of immolation {unknown}
 v - a scroll of magic mapping
 y - 3 scrolls of fear {unknown}
 z - a scroll of acquirement {unknown}
 A - a scroll of brand weapon {unknown}
Potions
 b - 2 potions of magic
 c - 5 potions of curing
 e - 3 potions of flight {unknown}
 n - 3 potions of lignification
 p - a potion of berserk rage
 w - a potion of resistance {unknown}
 x - a potion of might {unknown}


   Skills:
 + Level 2.7 Fighting
 + Level 5.1 Short Blades
 + Level 4.1 Dodging
 + Level 9.7 Stealth
 + Level 2.4 Spellcasting
 + Level 4.8 Summonings


You had 2 spell levels left.
You knew the following spells:

 Your Spells              Type           Power      Damage    Failure   Level
a - Summon Small Mammal   Summ           100%       N/A       1%          1
b - Call Imp              Summ           26%        N/A       2%          2
c - Call Canine Familiar  Summ           26%        N/A       4%          3
d - Summon Guardian Gole  Hex/Summ       14%        N/A       13%         3

Your spell library contained the following spells:

 Spells                   Type           Power      Damage    Failure   Level
 Magic Dart               Conj           8%         1d3       12%         1
 Cigotuvi's Dreadful Rot  Necr/Pois/Air  4%         N/A       17%         2
 Mephitic Cloud           Conj/Pois/Air  2%         N/A       34%         3
 Summon Lightning Spire   Summ/Air       14%        N/A       38%         4
 Dispel Undead            Necr           2%         3d7       75%         4
 Death Channel            Necr           1%         N/A       100%        6


Dungeon Overview and Level Annotations

Branches:
Dungeon (4/15)            Ossuary (visited)
 Temple: D:4-7

Altars:
Elyvilon

Shops:
D:4 *!

Annotations:
D:4 1 runed translucent door, Crazy Yiuf


Innate Abilities, Weirdness & Mutations

You are small and have problems with some larger weapons.
You are completely attuned to the shadows.


Message History

Found a stone staircase leading down.
You open the door.
There is an open door here.
Found a stone staircase leading down.
There is a stone staircase leading up here.
You see here a +0 quarterstaff.
You open the door.
There is an open door here.
There is an open door here.
A wight is nearby!
Casting: Call Canine Familiar (dangerous; 4% risk of failure)
Confirm with . or Enter, or press ? or * to list all spells.
You hit the wight.
The wight is moderately damaged.
You hit the wight.
The wight is heavily damaged.
The wight closely misses you.
Your hound bites the wight but does no damage.
You closely miss the wight.
The wight is heavily damaged.
Your hound bites the wight.
The wight misses your hound.
You barely miss the wight.
The wight is almost destroyed.
Your hound bites the wight.
The wight closely misses you.
You hit the wight.
You destroy the wight!
No target in view!
You swap places.
The wight hits you with a +3 scimitar!
You feel drained.
Your hound bites the wight but does no damage.
You hit the wight.
The wight is moderately damaged.
The wight hits you with a +3 scimitar!!
Ouch! That really hurt!
* * * LOW HITPOINT WARNING * * *
Your hound bites the wight.
You hit the wight.
The wight is heavily damaged.
Your hound barely misses the wight.
The wight hits you with a +3 scimitar!
You die...

.........#.................#
.........#.................#
.........#.............†...#
.........#.................#
##.##...###..##..####....########
###########..##..####....###..##.
.#.......................'....')[
.#.......≈≈...)..........#....#.[
.#.......≈≈....h@........#....#.[
.#.......≈≈.....z........#....#..
#........≈≈..............#....##.
#.######.≈≈.####.........# #.
##.<#♣♣♣.≈≈.♣♣♣#.#######.# #.
#...#♣...≈≈...♣ .# ### #.
#.>.#♣.⌠.≈≈.⌠.♣ #.
#...#♣...≈≈...♣ ... #.
#...#♣.∩....∩.♣ ...##.


You could see a wight (ally target) and a friendly hound (summoned).

Vanquished Creatures
  A phantom (D:4)
  Blork the orc (D:4)
  6 scorpions
  A wight (D:4)
  A howler monkey (D:4)
  3 human zombies (Ossuary)
  Ijyb (D:3)
  A scorpion zombie (Ossuary)
  An orc wizard (D:3)
  3 mummies (Ossuary)
  Robin (D:3)
  5 adders
  3 worms
  7 orcs
  5 bats
  7 endoplasms
  7 giant cockroaches
  8 goblins
  15 hobgoblins
  4 kobolds
  2 quokkas
  6 ball pythons
  2 frilled lizards
  4 gnoll zombies (Ossuary)
  2 goblin zombies (Ossuary)
  2 hobgoblin zombies (Ossuary)
  2 kobold zombies (Ossuary)
  An orc zombie (Ossuary)
  A rat (D:1)
103 creatures vanquished.

Vanquished Creatures (collateral kills)
  A wight (D:4)
  2 orcs (D:4)
  2 endoplasms (D:1)
  A goblin (D:1)
  2 kobolds
  2 frilled lizards (D:1)
  A rat (D:1)
11 creatures vanquished.

Grand Total: 114 creatures vanquished

Notes
Turn   | Place    | Note
-------+----------+-------------------------------------------
     0 | D:1      | LnG the Kobold Summoner began the quest for the Orb.
     0 | D:1      | Reached XP level 1. HP: 10/10 MP: 3/3
   221 | D:1      | Reached XP level 2. HP: 11/15 MP: 3/5
   224 | D:1      | Learned a level 2 spell: Call Imp
   860 | D:1      | Reached XP level 3. HP: 19/19 MP: 6/6
   864 | D:1      | Learned a level 3 spell: Call Canine Familiar
  1057 | D:1      | Reached skill level 3 in Stealth
  1525 | D:2      | Reached XP level 4. HP: 24/24 MP: 7/7
  1771 | D:2      | Reached skill level 1 in Short Blades
  1850 | D:2      | Reached skill level 4 in Stealth
  2584 | D:3      | Identified the ring of Rashrudi {rPois rF- rC+ rCorr Slay+4
                  | Stlth+}
  2663 | D:3      | Noticed Robin
  2669 | D:3      | Reached XP level 5. HP: 28/28 MP: 8/8
  2673 | D:3      | Killed Robin
  2795 | D:3      | Found a white marble altar of Elyvilon.
  2807 | D:3      | Reached skill level 5 in Stealth
  2910 | D:3      | Noticed Ijyb
  2914 | D:3      | Killed Ijyb
  2915 | D:3      | Reached skill level 1 in Fighting
  2981 | D:3      | Reached XP level 6. HP: 34/34 MP: 9/9
  2984 | D:3      | Reached skill level 6 in Stealth
  3233 | D:3      | Found a faded altar of an unknown god.
  3330 | D:4      | Noticed Blork the orc
  3334 | D:4      | Killed Blork the orc
  3418 | D:4      | Found Goqos's Assorted Antiques.
  3418 | D:4      | Found Olalorant's Distillery.
  3423 | D:4      | Bought a scroll of identify for 48 gold pieces
  3423 | D:4      | Bought a creamy pearl robe for 136 gold pieces
  3423 | D:4      | Identified the +1 robe of the Volcano {+Blink rC+ Regen+}
                  | (You bought it in a shop on level 4 of the Dungeon)
  3441 | D:4      | Bought a potion of heal wounds for 50 gold pieces
  3459 | D:4      | Reached XP level 7. HP: 39/39 MP: 10/10
  3499 | D:4      | Reached skill level 7 in Stealth
  3578 | D:4      | Found a sand-covered staircase.
  3584 | Ossuary  | Entered an ossuary
  3608 | Ossuary  | Reached skill level 8 in Stealth
  3664 | Ossuary  | Reached XP level 8. HP: 45/45 MP: 11/11
  3736 | Ossuary  | Reached skill level 9 in Stealth
  3816 | Ossuary  | Reached skill level 5 in Short Blades
  4057 | D:4      | Learned a level 3 spell: Summon Guardian Golem
  4123 | D:4      | Found a runed translucent door.
  4126 | D:4      | Noticed Crazy Yiuf
  4253 | D:4      | Slain by a wight

Illustrated notes

Levels and vault maps discovered:
D:1:      dpeg_arrival_round_a, layout_loops_ring
D:2:      layout_loops_cross
D:3:      layout_rooms, old_standard_altar, chequers_ecumenical_altar_twisty,
          uniq_ijyb, uniq_robin
D:4:      layout_gridville, nicolae_ossuary_entry_plus,
          nicolae_wooded_promenade, uniq_blork_the_orc, uniq_crazy_yiuf_cottage

Skill      XL: |  1  2  3  4  5  6  7  8 |
---------------+-------------------------+-----
Stealth        | 3 4 5 6 8 9 |  9.7
Short Blades   | 1 2 3 4 5 |  5.1
Dodging        | 3 4 |  4.1
Fighting       | 1 2 |  2.7
Spellcasting   | |  2.4
Summonings     | |  4.8

Action                   |  1- 3 |  4- 6 |  7- 9 || total
-------------------------+-------+-------+-------++-------
Melee: Unarmed           |    12 |       |       ||    12
       Dagger            |    76 |    65 |   141 ||   282
       Short sword       |       |    39 |       ||    39
       Punch             |       |       |     3 ||     3
 Cast: Summon Small Mamm |     6 |       |       ||     6
       Call Imp          |     2 |       |     1 ||     3
       Call Canine Famil |     1 |       |     4 ||     5
  Use: Scroll            |     4 |     6 |     3 ||    13
       Potion            |       |       |     1 ||     1
 Stab: Sleeping          |    10 |    24 |    12 ||    46
       Distracted        |     1 |       |       ||     1
Armor: Robe              |     9 |     9 |    12 ||    30
Dodge: Dodged            |    74 |    43 |    66 ||   183

Table legend: (Time is in decaauts)
 A = Elapsed time spent in this place.
 B = Non-inter-level travel time spent in this place.
 C = Inter-level travel time spent in this place.
 D = Time resting spent in this place.
 E = Time spent auto-exploring this place.
 F = Levels seen in this place.
 G = Mean time per level.
                   A        B        C        D        E       F      G
               +--------+--------+--------+--------+--------+-----+--------+
         Total |   4210 |   4139 |     71 |    605 |   2574 |   5 |  842.0 |
       Dungeon |   3881 |   3810 |     71 |    605 |   2547 |   4 |  970.2 |
       Ossuary |    328 |    328 |      0 |      0 |     27 |   1 |  328.0 |
               +--------+--------+--------+--------+--------+-----+--------+

Top non-repeatable levels by time:
     D:1: 1336 daAuts
     D:2: 1139 daAuts
     D:3: 826 daAuts
     D:4: 580 daAuts
 Ossuary: 328 daAuts
